 Dungeon Crawl Stone Soup version 0.22.1-1-ga44c0e56f4 (webtiles) character file.

396501 Peloso the Hoplite (level 22, -2/211 HPs)
             Began as a Minotaur Fighter on Nov 1, 2018.
             Was the Champion of Okawaru.
             Slain by a titan (22 damage)
             ... on level 4 of the Vaults.
             The game lasted 02:49:20 (54621 turns).

Peloso the Hoplite (Minotaur Fighter)              Turns: 54621, Time: 02:49:20

Health: -2/211     AC: 33    Str: 38    XL:     22   Next: 19%
Magic:  22/22      EV: 10    Int:  5    God:    Okawaru [******]
Gold:   3319       SH: 21    Dex: 12    Spells: 21/21 levels left

rFire    + . .     SeeInvis +   a - +9 double sword (drain)
rCold    + . .     Gourm    .   k - +1 shield "Adet" {rPois}
rNeg     + + .     Faith    .   d - +0 crystal plate armour
rPois    +         Spirit   .   b - +2 hat {SInv}
rElec    +         Reflect  .   s - scarf {rC+ rF+}
rCorr    .         Harm     .   K - +0 pair of gloves {Str+3}
MR       ++++.     Clarity  +   t - +2 pair of boots {Fly}
Stlth    ..........             D - amulet of the Four Winds {rN+ MR+++ Clar}
HPRegen  0.45/turn              F - ring "Wuneqake" {rElec rN+ EV+1}
MPRegen  0.18/turn              r - +6 ring of strength

@: flying
A: retaliatory headbutt, horns 2
}: 2/15 runes: barnacled, gossamer
a: Heroism, Finesse, Renounce Religion, Stop Flying


You were on level 4 of the Vaults.
You worshipped Okawaru.
Okawaru was exalted by your worship.
You were not hungry.

You visited 7 branches of the dungeon, and saw 38 of its levels.
You also visited: Labyrinth, Ice Cave and Desolation.

You collected 5146 gold pieces.
You spent 1827 gold pieces at shops.

Inventory:

Hand Weapons
 a - a +9 double sword of draining (weapon)
 c - the +10 short sword of Bodily Harmony {holy, Dex+2}
   (Okawaru gifted it to you on level 2 of the Orcish Mines)

   It has been blessed by the Shining One to cause great damage to the undead
   and demons.
   It affects your dexterity (+2).
 G - a +3 scimitar of flaming
Armour
 b - a +2 hat of see invisible (worn)
 d - a +0 crystal plate armour (worn)
 k - the +1 shield "Adet" (worn) {rPois}
   (You acquired it on level 1 of the Lair of Beasts)

   It protects you from poison.
 o - the +2 large shield "Vousubeg" {rElec Regen+}
   (Okawaru gifted it to you on level 4 of the Vaults)

   It insulates you from electricity.
   It increases your rate of regeneration.
 s - a scarf of resistance (worn)
 t - a +2 pair of boots of flying (worn)
 K - a +0 pair of gloves of strength (worn)
 N - a +1 large shield of reflection
 O - the +1 cloak of Abstinence {rCorr Int+4 SInv Stlth-}
   (Okawaru gifted it to you on level 2 of the Orcish Mines)

   It affects your intelligence (+4).
   It lets you see invisible.
   It provides partial protection from all sources of acid and corrosion.
   It makes you less stealthy.
Jewellery
 r - a +6 ring of strength (right hand)
 D - the amulet of the Four Winds (around neck) {rN+ MR+++ Clar}
   (You found it on level 5 of the Lair of Beasts)

   [amulet of nothing]

   It protects you from negative energy.
   It affects your resistance to hostile enchantments.
   It protects you against confusion.
 F - the ring "Wuneqake" (left hand) {rElec rN+ EV+1}
   (You found it in an ice cave)

   [ring of evasion]

   It affects your evasion (+1).
   It insulates you from electricity.
   It protects you from negative energy.
Wands
 n - a wand of polymorph (16)
 J - a wand of digging (7)
Scrolls
 e - 5 scrolls of magic mapping
 h - 8 scrolls of fear
 l - a scroll of amnesia
 m - 6 scrolls of blinking
 q - 11 scrolls of teleportation
 w - 10 scrolls of remove curse
 L - 4 scrolls of noise
 Q - 2 scrolls of identify
Potions
 g - 18 potions of curing
 i - 6 potions of agility
 j - 5 potions of might
 p - 7 potions of haste
 u - 5 potions of heal wounds
 v - 5 potions of invisibility
 z - a potion of cancellation
 B - 3 potions of berserk rage
Comestibles
 f - 83 rations
 x - 9 chunks of flesh


   Skills:
 + Level 20.9 Fighting
 + Level 1.4(13.9) Short Blades
 + Level 21.8 Long Blades
   Level 4.6 Maces & Flails
 + Level 19.0 Armour
 + Level 3.4 Dodging
 + Level 1.6 Stealth
 + Level 26.9 Shields
 + Level 1.7 Invocations
 + Level 1.3 Evocations


You had 21 spell levels left.
You didn't know any spells.
Your spell library contained the following spells:

 Spells                   Type           Power        Failure   Level  Hunger
 Animate Skeleton         Necr           N/A          98%         1    ##.....
 Apportation              Tloc           #.....       98%         1    ##.....
 Beastly Appendage        Tmut           #.....       98%         1    ##.....
 Confusing Touch          Hex            #.....       98%         1    ##.....
 Corona                   Hex            #......      98%         1    ##.....
 Flame Tongue             Conj/Fire      #....        98%         1    ##.....
 Freeze                   Ice            #...         98%         1    ##.....
 Shock                    Conj/Air       #...         98%         1    ##.....
 Summon Butterflies       Summ           #.......     98%         1    ##.....
 Summon Small Mammal      Summ           #...         98%         1    ##.....
 Call Imp                 Summ           #.......     99%         2    ###....
 Corpse Rot               Necr           N/A          99%         2    ###....
 Poisonous Vapours        Pois/Air       #.....       99%         2    ###....
 Searing Ray              Conj           #.....       99%         2    ###....
 Slow                     Hex            #.......     99%         2    ###....
 Song of Slaying          Chrm           #.......     99%         2    ###....
 Sticks to Snakes         Tmut           #.......     99%         2    ###....
 Swiftness                Chrm/Air       #.......     99%         2    ###....
 Throw Flame              Conj/Fire      #.....       99%         2    ###....
 Call Canine Familiar     Summ           #.......     100%        3    ####...
 Conjure Flame            Conj/Fire      #.......     100%        3    ####...
 Inner Flame              Hex/Fire       #.......     100%        3    ####...
 Mephitic Cloud           Conj/Pois/Air  #.......     100%        3    ####...
 Portal Projectile        Hex/Tloc       #.....       100%        3    ####...
 Regeneration             Chrm/Necr      #.........   100%        3    ####...
 Spectral Weapon          Hex/Chrm       #.......     100%        3    ####...
 Spider Form              Tmut/Pois      #.........   100%        3    ####...
 Static Discharge         Conj/Air       #.......     100%        3    ####...
 Summon Guardian Golem    Hex/Summ       #.......     100%        3    ####...
 Vampiric Draining        Necr           #.........   100%        3    ####...
 Animate Dead             Necr           N/A          100%        4    #####..
 Cause Fear               Hex            #.........   100%        4    #####..
 Ice Form                 Ice/Tmut       #.......     100%        4    #####..
 Leda's Liquefaction      Hex/Erth       #.........   100%        4    #####..
 Sticky Flame             Conj/Fire      #.......     100%        4    #####..
 Summon Ice Beast         Ice/Summ       #.......     100%        4    #####..
 Summon Lightning Spire   Summ/Air       #.......     100%        4    #####..
 Aura of Abjuration       Summ           #.........   100%        5    ######.
 Blade Hands              Tmut           #.........   100%        5    ######.
 Bolt of Magma            Conj/Fire/Erth #.........   100%        5    ######.
 Excruciating Wounds      Chrm/Necr      #.........   100%        5    ######.
 Fireball                 Conj/Fire      #.........   100%        5    ######.
 Irradiate                Conj/Tmut      #.........   100%        5    ######.
 Iskenderun's Battlesphe  Conj/Chrm      #.......     100%        5    ######.
 Lightning Bolt           Conj/Air       #.........   100%        5    ######.
 Metabolic Englaciation   Hex/Ice        #.........   100%        5    ######.
 Silence                  Hex/Air        #.........   100%        5    ######.
 Summon Mana Viper        Hex/Summ       #.......     100%        5    ######.
 Bolt of Cold             Conj/Ice       #.........   100%        6    #######
 Iron Shot                Conj/Erth      #.........   100%        6    #######
 Ozocubu's Refrigeration  Ice            #.........   100%        6    #######
 Poison Arrow             Conj/Pois      #.........   100%        6    #######
 Shadow Creatures         Summ           N/A          100%        6    #######
 Statue Form              Tmut/Erth      #........    100%        6    #######
 Haunt                    Necr/Summ      #.........   100%        7    #######
 Borgnjor's Revivificati  Necr           #.........   100%        8    #######
 Chain Lightning          Conj/Air       #.........   100%        8    #######
 Death's Door             Chrm/Necr      #.........   100%        8    #######
 Infestation              Necr           #.........   100%        8    #######
 Lehudib's Crystal Spear  Conj/Erth      #.........   100%        8    #######
 Necromutation            Tmut/Necr      #.........   100%        8    #######
 Dragon's Call            Summ           #.........   100%        9    #######
 Fire Storm               Conj/Fire      #.........   100%        9    #######
 Glaciate                 Conj/Ice       #.........   100%        9    #######
 Shatter                  Erth           #.........   100%        9    #######


Dungeon Overview and Level Annotations

Branches:
Dungeon (15/15)            Temple (0/1) D:4            Lair (6/6) D:9
 Shoals (4/4) Lair:3       Spider (4/4) Lair:2        Slime (0/5) Lair:5
    Orc (2/2) D:11            Elf (3/3) Orc:2        Vaults (4/5) D:13
  Crypt (0/3) Vaults:2     Depths (0/5) D:15

Altars:
Ashenzari
Cheibriados
Dithmenos
Elyvilon
Kikubaaqudgha
Okawaru
Qazlal
Ru
Uskayaw
Xom
Yredelemnul
Zin
The Shining One
Beogh
Jiyva

Shops:
D:8 !   D:12 :   D:13 :   Orc:2 *?*%   Elf:2 *

Annotations:
D:3 3 runed doors, Zarkath's ghost, amateur DrSu
Vaults:4 Zarkath's ghost, adept DrSu


Innate Abilities, Weirdness & Mutations

You reflexively headbutt those who attack you in melee.
You have a pair of horns on your head.


Message History

The titan is heavily wounded.
You slice the titan!! You headbutt the titan!
The titan is severely wounded.
You block the yaktaur captain's attack.
The yaktaur captain shoots a bolt.
You block the bolt.
Unknown command.
A deep elf mage and an ironbrand convoker come into view.
The ironbrand convoker shouts!
The deep elf mage shouts!
The yaktaur captain wields an uncursed arbalest.
The yaktaur captain shoots a bolt.
The bolt closely misses you. The titan hits you!!
* * * LOW HITPOINT WARNING * * *
The ironbrand convoker moves out of view.
Found four items.
You hit the titan but do no damage. You headbutt the titan!
The titan is almost dead.
An ironheart preserver comes into view. It is wielding a morningstar.
A vault warden comes into view. It is wielding a great mace.
The titan hits you!!
You die...

....# ....# #8##.. ....# .#..|
....# ..)p ....# .e} ....# # .p #
....# ##. ##### .## ....#
#..[##.c.##...# ....# #....#@(..#
...(# #c(C##...# ....# ## ###†###
## ....# #...#(#(#)#...# ....#
#..)#.#...# ....# #...#.#(#?#...#
....# ## ###(### ##
...)###########(#################
..............(..........))).....


You could see an ironheart preserver (wandering), a titan, a vault warden, 2
yaktaur captains and a deep elf mage.

Vanquished Creatures
  Boris (Vaults:3)
  Saint Roka (Elf:2)
  Arachne (Spider:3)
  Rupert (Lair:6)
  Asterion (Spider:3)
  4 deep elf blademasters
  Gastronok (Lair:2)
  Agnes (Spider:3)
  A storm dragon (Vaults:4)
  Kirke (D:14)
  A fire giant (D:15)
  4 emperor scorpions
  5 ghost moths
  An orc warlord (Orc:2)
  9 vault wardens
  A frost giant (Shoals:4)
  9 deep elf sorcerers
  2 imperial myrmidons (Desolation)
  2 deep elf elementalists (Elf:3)
  14 ironheart preservers
  5 entropy weavers
  3 stone giants
  6 deep elf demonologists
  3 halazid warlocks (Desolation)
  10 deep elf annihilators
  Azrael (D:13)
  A spark wasp (Spider:4)
  A minotaur (Lab)
  3 deep elf death magi
  Snorg (Lair:3)
  3 ettins
  2 merfolk javelineers
  13 ogre magi
  10 merfolk impalers
  6 yaktaur captains
  Josephine (Lair:5)
  2 fire dragons
  11 ragged hierophants (Desolation)
  A great orb of eyes (Vaults:2)
  4 deep elf high priests (Elf:3)
  10 hydras
  2 ice dragons (IceCv)
  6 peacekeepers (Desolation)
  3 vault guards
  9 servants of whispers (Desolation)
  4 merfolk avatars
  A merfolk aquamancer (Shoals:2)
  7 centaur warriors
  31 dancing weapons
  2 alligator snapping turtles
  4 satyrs
  A queen ant (Lair:4)
  2 death knights
  2 tengu warriors
  3 deep troll earth magi
  2 deep troll shamans (Vaults:2)
  45 two-headed ogres
  Urug (Lair:2)
  18 deep elf knights
  Nergalle (Orc:1)
  2 shadow wraiths
  5 skeletal warriors
  12 deep trolls
  4 unseen horrors
  6 sea snakes
  A deep troll (shapeshifter) (Vaults:4)
  Pikel (D:7)
  A flayed ghost (Vaults:1)
  9 ironbrand convokers
  A swamp dragon (Lair:6)
  11 deep elf archers
  30 harpies
  2 wizards (Vaults:2)
  70 deep elf magi
  2 necromancers (Vaults:2)
  18 orb spiders
  6 orc knights
  A sphinx zombie (Vaults:2)
  3 orc sorcerers
  10 cyclopes
  33 ugly things
  15 fauns
  9 merfolk sirens
  12 manticores
  13 elephants
  2 moths of wrath
  29 wolf spiders
  A centaur zombie (D:12)
  2 ice statues (IceCv)
  4 guardian serpents (Desolation)
  7 water nymphs
  13 vault sentinels
  An eye of devastation (shapeshifter) (D:12)
  A black mamba (Lair:1)
  3 torpor snails
  2 centaur skeletons
  4 gargoyles
  9 spiny frogs
  3 rime drakes (shapeshifter)
  13 demonic crawlers
  7 rime drakes
  4 tengu conjurers
  An efreet (D:15)
  37 yaktaurs
  6 freezing wraiths
  7 komodo dragons
  A yaktaur (shapeshifter) (Elf:1)
  10 trolls
  29 jumping spiders
  A polar bear (shapeshifter) (Vaults:2)
  12 hornets
  10 polar bears
  4 wind drakes
  19 blink frogs
  15 merfolk
  A queen bee (shapeshifter) (Vaults:1)
  57 saltlings (Desolation)
  11 snapping turtles
  4 raiju (Lair:6)
  8 hippogriffs
  A hippogriff (shapeshifter) (Vaults:4)
  10 dream sheep
  20 slime creatures
  67 redbacks
  A spriggan (Lair:3)
  3 air elementals
  2 steam dragons (Lair:6)
  12 water elementals
  51 tarantellas
  5 fire elementals
  8 hogs
  42 yaks
  4 vampires
  8 wraiths
  4 wyverns
  5 basilisks
  A human (D:8)
  7 vampire mosquitoes
  Eustachio (D:6)
  A deep troll zombie (Vaults:2)
  10 wargs
  22 soldier ants
  6 water moccasins
  19 hell hounds
  5 acid dragons
  Duvessa (D:4)
  6 porcupines
  40 orc warriors
  A slave (D:7)
  A swamp drake (Lair:6)
  13 black bears
  27 ice beasts
  3 sky beasts
  56 ogres
  2 human zombies (Vaults:2)
  A necrophage (D:10)
  7 boggarts
  An eye of draining (D:9)
  4 phantoms
  22 centaurs
  20 wolves
  A human skeleton (Vaults:2)
  16 crocodiles
  2 big kobolds
  10 bullfrogs
  3 earth elementals
  A gnoll sergeant (D:4)
  2 wyvern zombies
  Dowan (D:4)
  A deep troll simulacrum (Vaults:2)
  2 glowing shapeshifter simulacra
  2 wyvern skeletons
  A hornet simulacrum (D:15)
  4 scorpions
  5 killer bees (D:9)
  8 wights
  9 electric eels
  2 howler monkeys (D:8)
  11 crimson imps
  2 quasits
  2 bullfrog zombies
  6 hounds
  27 orc priests
  25 orc wizards
  Crazy Yiuf (D:3)
  A jelly (D:14)
  7 iguanas
  A bullfrog skeleton (D:9)
  30 worker ants
  2 hell rats (Lair:6)
  A hound zombie (D:10)
  A worker ant zombie (D:5)
  9 gnolls
  15 adders
  10 river rats (Lair:6)
  A shadow imp (D:11)
  An ooze (D:5)
  An adder skeleton (D:4)
  3 worms
  2 dart slugs
  7 leopard geckos
  143 orcs
  3 giant cockroaches
  7 goblins
  12 hobgoblins
  13 jackals
  4 quokkas
  6 bats
  10 frilled lizards
  16 kobolds
  5 rats
  3 fungi
  6 plants
1901 creatures vanquished.

Vanquished Creatures (others)
  A deep elf knight (Elf:2)
  A deep elf mage (Elf:1)
  A rime drake (IceCv)
  2 jumping spiders
  An orc wizard (Orc:2)
  5 fungi
  38 plants
49 creatures vanquished.

Grand Total: 1950 creatures vanquished

Notes
Turn   | Place    | Note
-------+----------+-------------------------------------------
     0 | D:1      | Peloso the Minotaur Fighter began the quest for the Orb.
     0 | D:1      | Reached XP level 1. HP: 19/19 MP: 0/0
   297 | D:1      | Reached XP level 2. HP: 27/27 MP: 1/1
   305 | D:1      | Reached skill level 4 in Shields
   773 | D:2      | Reached XP level 3. HP: 33/33 MP: 2/2
   912 | D:2      | Reached XP level 4. HP: 40/40 MP: 3/3
   940 | D:2      | Found an iron altar of Okawaru.
   940 | D:2      | Found a basalt altar of Yredelemnul.
   989 | D:2      | Became a worshipper of Warmaster Okawaru
  1426 | D:3      | Reached XP level 5. HP: 24/47 MP: 4/4
  1623 | D:3      | Reached skill level 5 in Shields
  1664 | D:3      | Found a stormy altar of Qazlal.
  1672 | D:3      | Reached skill level 5 in Long Blades
  1721 | D:3      | Found a runed door.
  1737 | D:3      | Found a runed gate.
  1738 | D:3      | Found a runed gate.
  1738 | D:3      | Noticed Zarkath's ghost (amateur DrSu)
  1739 | D:3      | Found a runed gate.
  1749 | D:3      | Found a roughly hewn altar of Beogh.
  1983 | D:3      | Noticed Crazy Yiuf
  1989 | D:3      | Killed Crazy Yiuf
  1989 | D:3      | Reached XP level 6. HP: 46/53 MP: 3/5
  2386 | D:4      | Found a staircase to the Ecumenical Temple.
  3295 | D:5      | Entered Level 5 of the Dungeon
  3295 | D:5      | Noticed Duvessa
  3295 | D:5      | Noticed Dowan
  3366 | D:4      | Killed Duvessa
  3366 | D:4      | Reached * piety under Okawaru
  3366 | D:4      | Reached skill level 5 in Armour
  3369 | D:4      | Killed Dowan
  3369 | D:4      | Reached skill level 1 in Dodging
  3531 | D:5      | Reached XP level 7. HP: 22/60 MP: 6/6
  4155 | D:4      | Reached skill level 5 in Fighting
  4486 | D:5      | Found a white marble altar of Elyvilon.
  4543 | D:5      | Reached skill level 6 in Shields
  4683 | D:5      | Reached ** piety under Okawaru
  4699 | D:5      | Noticed a two-headed ogre
  4713 | D:5      | Killed a two-headed ogre
  4713 | D:5      | Reached *** piety under Okawaru
  4713 | D:5      | Reached skill level 7 in Shields
  4713 | D:5      | Reached XP level 8. HP: 68/70 MP: 4/7
  4835 | D:6      | Noticed Eustachio
  4848 | D:6      | Killed Eustachio
  5383 | D:6      | Found a sacrificial altar of Ru.
  5421 | D:6      | Reached XP level 9. HP: 45/75 MP: 8/8
  5630 | D:7      | Found a shattered altar of Ashenzari.
  5642 | D:7      | Reached skill level 8 in Shields
  5750 | D:7      | Noticed Pikel
  5766 | D:7      | Killed Pikel
  5766 | D:7      | Reached skill level 10 in Long Blades
  5835 | D:7      | Reached **** piety under Okawaru
  6537 | D:7      | Found a shadowy altar of Dithmenos.
  7022 | D:8      | Found Obirgh's Distillery.
  7041 | D:8      | Bought a potion of heal wounds for 55 gold pieces
  7041 | D:8      | Bought a potion of might for 44 gold pieces
  7041 | D:8      | Bought a potion of degeneration for 11 gold pieces
  7046 | D:8      | Bought a potion of mutation for 88 gold pieces
  7140 | D:8      | Reached skill level 9 in Shields
  7311 | D:8      | Found a glowing silver altar of Zin.
  7400 | D:8      | Reached XP level 10. HP: 67/88 MP: 9/9
  7692 | D:8      | Reached ***** piety under Okawaru
  7707 | D:8      | Found a shimmering altar of Xom.
  7869 | D:8      | Found a glowing golden altar of the Shining One.
  7901 | D:9      | Found a hide-covered altar of Uskayaw.
  8359 | D:9      | Received a gift from Okawaru
  8571 | D:9      | Found a staircase to the Lair.
  8818 | D:9      | Reached skill level 10 in Shields
  8903 | D:10     | Entered Level 10 of the Dungeon
  9028 | D:10     | Noticed a gargoyle
  9040 | D:10     | Killed a gargoyle
  9095 | D:10     | Reached XP level 11. HP: 97/97 MP: 10/10
  9222 | D:10     | Killed an unseen horror
 10307 | D:11     | Found a labyrinth entrance.
 10316 | Lab      | Entered a labyrinth
 10396 | Lab      | Noticed a minotaur
 10405 | Lab      | Killed a minotaur
 10405 | Lab      | Reached skill level 1 in Stealth
 10410 | Lab      | Got a fine broad axe {freeze}
 10762 | D:11     | Reached skill level 10 in Fighting
 10762 | D:11     | Reached skill level 11 in Shields
 10917 | D:11     | Found a staircase to the Orcish Mines.
 10956 | D:11     | Identified the cursed +3 broad axe of Uvoesun {freeze, rN+
                  | Str+3} (You took it off a minotaur in a labyrinth)
 11377 | D:12     | Noticed a six-headed hydra
 11396 | D:12     | Killed a six-headed hydra
 11569 | D:12     | Noticed a two-headed ogre
 11573 | D:12     | Killed a two-headed ogre
 11597 | D:12     | Reached skill level 1 in Maces & Flails
 11608 | D:12     | Reached skill level 12 in Shields
 11614 | D:12     | Reached skill level 10 in Armour
 11646 | D:12     | Reached skill level 1 in Invocations
 11658 | D:12     | Received a gift from Okawaru
 11800 | D:12     | Noticed a two-headed ogre
 11809 | D:12     | Killed a two-headed ogre
 11890 | D:12     | Reached XP level 12. HP: 94/107 MP: 11/11
 12528 | D:12     | Noticed a six-headed hydra
 12536 | D:12     | Killed a six-headed hydra
 12580 | D:12     | Found Tamoe's Book Shop.
 12729 | Lair:1   | Entered Level 1 of the Lair of Beasts
 13599 | Lair:1   | Reached skill level 13 in Shields
 14210 | Lair:2   | Noticed Gastronok
 14247 | Lair:2   | Killed Gastronok
 14247 | Lair:2   | Received a gift from Okawaru
 14419 | Lair:2   | Noticed Urug
 14432 | Lair:2   | Killed Urug
 14435 | Lair:2   | Reached skill level 14 in Shields
 14688 | Lair:2   | Found a hole to the Spider Nest.
 15256 | Lair:3   | Noticed an eight-headed hydra
 15270 | Lair:3   | Killed an eight-headed hydra
 15282 | Lair:3   | Reached XP level 13. HP: 112/116 MP: 10/12
 15370 | Lair:3   | Received a gift from Okawaru
 15609 | Lair:3   | Found a staircase to the Shoals.
 15794 | Lair:3   | Noticed Snorg
 15807 | Lair:3   | Killed Snorg
 16260 | D:10     | Got a fine granite ring
 16564 | Lair:4   | Noticed an entropy weaver
 16583 | Lair:4   | Killed an entropy weaver
 16583 | Lair:4   | Reached skill level 15 in Shields
 16602 | Lair:4   | Reached skill level 15 in Long Blades
 17690 | Lair:4   | Noticed an entropy weaver
 17698 | Lair:4   | Killed an entropy weaver
 17851 | Lair:5   | Found a staircase to the Slime Pits.
 17859 | Lair:5   | Received a gift from Okawaru
 17859 | Lair:5   | Reached skill level 16 in Shields
 17870 | Lair:5   | Found a viscous altar of Jiyva.
 17970 | Lair:5   | Found the amulet of the Four Winds {rN+ MR+++ Clar}
 17984 | Lair:5   | Noticed Josephine
 18009 | Lair:5   | Killed Josephine
 18009 | Lair:5   | Reached XP level 14. HP: 59/126 MP: 8/14
 18024 | Lair:5   | Reached ****** piety under Okawaru
 18655 | Lair:6   | Entered Level 6 of the Lair of Beasts
 18727 | Lair:6   | Noticed Rupert
 18746 | Lair:6   | Killed Rupert
 19166 | Lair:6   | Reached skill level 17 in Shields
 19547 | Lair:6   | Received a gift from Okawaru
 19553 | Lair:6   | Got a warped triple sword {god gift}
 19559 | Lair:6   | Identified the +7 triple sword of Xeathrytz {slice, Str+7}
                  | (Okawaru gifted it to you on level 6 of the Lair of Beasts)
 20809 | Lair:6   | Identified the ring of Satisfaction {Ice *Corrode rPois
                  | MP-9 SInv} (You took it off a vampire on level 10 of the
                  | Dungeon)
 20938 | Lair:1   | Identified a scroll of acquirement
 20941 | Lair:1   | Got a heavily runed shield
 20953 | Lair:1   | Identified the +1 shield "Adet" {rPois} (You acquired it on
                  | level 1 of the Lair of Beasts)
 22214 | D:13     | Reached skill level 18 in Shields
 22341 | D:13     | Received a gift from Okawaru
 22341 | D:13     | Reached XP level 15. HP: 136/136 MP: 15/15
 22505 | D:13     | Noticed Azrael
 22512 | D:13     | Killed Azrael
 22649 | D:13     | Found Zaeps's Book Boutique.
 22682 | D:13     | Found a gate to the Vaults.
 23268 | Orc:1    | Entered Level 1 of the Orcish Mines
 23331 | Orc:1    | Noticed Nergalle
 23348 | Orc:1    | Killed Nergalle
 23743 | Orc:1    | Received a gift from Okawaru
 23947 | Orc:2    | Entered Level 2 of the Orcish Mines
 23949 | Orc:2    | Found a frozen archway.
 23961 | Orc:2    | Noticed an orc warlord
 23976 | IceCv    | Entered an ice cave
 24598 | IceCv    | Got a wavering lead ring
 24608 | IceCv    | Identified the ring "Wuneqake" {rElec rN+ EV+1} (You found
                  | it in an ice cave)
 24850 | Orc:2    | Killed an orc warlord
 24881 | Orc:2    | HP: 2/137 [orc warrior/glaive (16)]
 24917 | Orc:2    | Received a gift from Okawaru
 24937 | Orc:2    | Got an iridescent short sword {god gift}
 25050 | Orc:2    | Reached skill level 19 in Shields
 25399 | Orc:2    | Found Rogad's Food Shop.
 25399 | Orc:2    | Found Mutuer Zaci's Magic Scroll Emporium.
 25399 | Orc:2    | Found Nuebauh's Assorted Antiques.
 25399 | Orc:2    | Found Farhyent's Assorted Antiques.
 25530 | Orc:2    | Bought a scroll of magic mapping for 84 gold pieces
 25531 | Orc:2    | Bought a scroll of identify for 48 gold pieces
 25532 | Orc:2    | Bought a scroll of silence for 127 gold pieces
 25532 | Orc:2    | Bought a scroll of blinking for 127 gold pieces
 25532 | Orc:2    | Bought a scroll of identify for 34 gold pieces
 25532 | Orc:2    | Bought a scroll of identify for 34 gold pieces
 25532 | Orc:2    | Bought a scroll of identify for 34 gold pieces
 25534 | Orc:2    | Bought a dented malachite amulet for 120 gold pieces
 25546 | Orc:2    | Bought a copper ring for 120 gold pieces
 25690 | Orc:2    | Found an iron altar of Okawaru.
 25696 | Orc:2    | Received a gift from Okawaru
 25699 | Orc:2    | Got a bloodstained cloak {god gift}
 25710 | Orc:2    | Identified the +1 cloak of Abstinence {rCorr Int+4 SInv
                  | Stlth-} (Okawaru gifted it to you on level 2 of the Orcish
                  | Mines)
 25727 | Orc:2    | Found a staircase to the Elven Halls.
 26369 | D:14     | Reached XP level 16. HP: 132/147 MP: 16/16
 26607 | D:14     | Noticed Kirke
 26619 | D:14     | Killed Kirke
 26734 | D:15     | Entered Level 15 of the Dungeon
 27066 | D:15     | Found a staircase to the Depths.
 27633 | D:15     | Reached skill level 20 in Shields
 27825 | D:15     | Identified the +10 short sword of Bodily Harmony {holy,
                  | Dex+2} (Okawaru gifted it to you on level 2 of the Orcish
                  | Mines)
 28155 | Shoals:1 | Entered Level 1 of the Shoals
 28416 | Shoals:1 | Reached skill level 15 in Fighting
 28974 | Shoals:2 | Received a gift from Okawaru
 30353 | Shoals:3 | Reached skill level 15 in Armour
 30440 | Shoals:3 | Reached XP level 17. HP: 120/157 MP: 17/17
 31035 | Shoals:4 | Entered Level 4 of the Shoals
 31173 | Shoals:4 | Received a gift from Okawaru
 31183 | Shoals:4 | Got a smoking bardiche {god gift}
 31270 | Shoals:4 | Reached skill level 21 in Shields
 31966 | Shoals:4 | Got a bound diamond amulet
 31967 | Shoals:4 | Identified the amulet "Mothrax" {Acrobat *Corrode rElec
                  | Str+2} (You found it on level 4 of the Shoals)
 32460 | Shoals:4 | Received a gift from Okawaru
 32771 | Shoals:4 | Got a barnacled rune of Zot
 33119 | Spider:1 | Entered Level 1 of the Spider Nest
 34428 | Spider:1 | Reached skill level 22 in Shields
 34494 | Spider:1 | Found a runed door.
 34738 | Spider:1 | Received a gift from Okawaru
 34898 | Spider:1 | Received a gift from Okawaru
 35034 | Spider:2 | Identified the +2 bardiche of Eternal Vigilance {chop,
                  | rPois rF+} (Okawaru gifted it to you on level 4 of the
                  | Shoals)
 35121 | Spider:2 | Reached XP level 18. HP: 168/168 MP: 18/18
 36031 | Spider:3 | Noticed Arachne
 36054 | Spider:3 | Killed Arachne
 36494 | Spider:3 | Noticed Agnes
 36508 | Spider:3 | Killed Agnes
 36528 | Spider:3 | Noticed Asterion
 36538 | Spider:3 | Killed Asterion
 37036 | Spider:4 | Entered Level 4 of the Spider Nest
 37051 | Spider:4 | Received a gift from Okawaru
 37052 | Spider:4 | Found the +10 morningstar "Eos" {elec, Halo rElec}
 37112 | Spider:4 | Reached skill level 23 in Shields
 37867 | Spider:4 | Received a gift from Okawaru
 38243 | Spider:4 | Got a gossamer rune of Zot
 38973 | Vaults:1 | Entered Level 1 of the Vaults
 39011 | Vaults:1 | Reached skill level 1 in Evocations
 39170 | Vaults:1 | Received a gift from Okawaru
 39662 | Vaults:1 | Reached XP level 19. HP: 138/177 MP: 19/19
 40818 | Vaults:1 | Reached skill level 24 in Shields
 40832 | Vaults:1 | Received a gift from Okawaru
 40850 | Vaults:1 | Got an ichor-stained large shield {god gift}
 40861 | Vaults:1 | Identified the +2 large shield "Usadanill" {*Drain Regen+
                  | Int+2} (Okawaru gifted it to you on level 1 of the Vaults)
 41608 | Vaults:2 | Got a transparent pewter amulet
 41658 | Vaults:2 | Found a snail-covered altar of Cheibriados.
 41714 | Vaults:2 | Got an iridescent short sword
 41983 | Vaults:2 | Found a staircase to the Crypt.
 41983 | Vaults:2 | Found an ancient bone altar of Kikubaaqudgha.
 41984 | Vaults:2 | Found a basalt altar of Yredelemnul.
 41990 | Vaults:2 | Got a warped glaive
 42221 | Vaults:2 | Noticed a Tzitzimitl
 42760 | Vaults:2 | Received a gift from Okawaru
 43078 | Vaults:2 | Reached XP level 20. HP: 138/187 MP: 20/20
 43472 | Vaults:2 | Identified the cursed +3 short sword of a volcano {pierce,
                  | rF+ Str+5} (You found it on level 2 of the Vaults)
 43474 | Vaults:2 | Identified the amulet "Tiuppuuc" {+Rage Str+5 Dex-4} (You
                  | took it off an ironbrand convoker on level 2 of the Vaults)
 43475 | Vaults:2 | Identified the +9 glaive "Feupsadgh" {chop, rC++} (You
                  | found it on level 2 of the Vaults)
 44008 | Elf:1    | Entered Level 1 of the Elven Halls
 44035 | Elf:1    | Found a ruined gateway.
 44040 | Desolati | Entered the Desolation of Salt
 44128 | Desolati | Reached skill level 1 in Short Blades
 44211 | Desolati | Received a gift from Okawaru
 44360 | Desolati | Reached skill level 25 in Shields
 44929 | Desolati | Got a fine bone ring
 44937 | Desolati | Got a flickering amethyst amulet
 44939 | Desolati | Identified the Papyrus of Sinister Ice
 44947 | Desolati | Identified the amulet "Lahylefu" {Faith Fragile Dex-2 SInv
                  | Stlth+} (You found it in the Desolation of Salt)
 44948 | Desolati | Identified the ring of Noon {+Fly Dex+4} (You found it in
                  | the Desolation of Salt)
 45042 | Desolati | Got a faintly humming chain mail
 45045 | Desolati | Identified the Almanac of Lightness and Creation
 45063 | Desolati | Identified the Papyrus of the Blistering Entourage
 45071 | Desolati | Received a gift from Okawaru
 45645 | Desolati | Identified the Compendium of Aid
 45647 | Desolati | Identified Owoedghiu's Handbook of Poisonous Flight
 45962 | Desolati | Identified the cursed +0 chain mail "Usoigyefro" {-Tele
                  | *Drain Int+8 Slay+5} (You found it in the Desolation of
                  | Salt)
 46219 | Elf:1    | Received a gift from Okawaru
 46980 | Elf:1    | Identified the Grimoire of Confrontation
 47340 | Elf:2    | Found Ezyqeoc's General Store.
 47376 | Elf:2    | Bought the +6 falchion "Demonslayer" {venom, rElec Str+5
                  | Int+3} for 901 gold pieces
 47565 | Elf:2    | Noticed Saint Roka
 47613 | Elf:2    | Killed Saint Roka
 48116 | Elf:2    | Found a runed gate.
 48116 | Elf:2    | Found a runed gate.
 48116 | Elf:2    | Found a runed gate.
 48118 | Elf:2    | Received a gift from Okawaru
 48371 | Elf:2    | Reached XP level 21. HP: 189/200 MP: 21/21
 49424 | Elf:3    | Entered Level 3 of the Elven Halls
 49673 | Elf:3    | Reached skill level 26 in Shields
 51170 | Elf:3    | Received a gift from Okawaru
 51188 | Elf:3    | Got a shimmering garnet amulet
 51695 | Elf:3    | Identified Keutuc's Almanac of Congealing Battle Magic
 51723 | Elf:3    | Got a heavily runed lead ring
 52228 | Lair:1   | Identified the amulet "Woudi" {Spirit rN+ MR+ Str+4 Dex-4}
                  | (You took it off a deep elf high priest on level 3 of the
                  | Elven Halls)
 52238 | Lair:1   | Identified the ring "Uqaulo" {Slay+3 SInv} (You took it off
                  | a deep elf sorcerer on level 3 of the Elven Halls)
 53699 | Vaults:3 | Noticed Boris
 53712 | Vaults:3 | Killed Boris
 53741 | Vaults:3 | Reached XP level 22. HP: 162/211 MP: 22/22
 53864 | Vaults:4 | Found a runed gate.
 53864 | Vaults:4 | Found a runed gate.
 53864 | Vaults:4 | Found a runed gate.
 53866 | Vaults:4 | Noticed Zarkath's ghost (adept DrSu)
 53867 | Vaults:4 | Found an iron altar of Okawaru.
 53897 | Vaults:4 | Received a gift from Okawaru
 54441 | Vaults:4 | Received a gift from Okawaru
 54444 | Vaults:4 | Got a bloodstained large shield {god gift}
 54455 | Vaults:4 | Identified the +2 large shield "Vousubeg" {rElec Regen+}
                  | (Okawaru gifted it to you on level 4 of the Vaults)
 54621 | Vaults:4 | Found the +8 glaive of the Guard {elec, +Rage AC+5 SInv}
 54621 | Vaults:4 | Slain by a titan

Skill      XL: |  1  2  3  4  5  6  7  8  9 10 11 12 13 14 15 16 17 18 19 20 21 22 |
---------------+-------------------------------------------------------------------+-----
Shields        | 4 5 7 9 10 12 14 16 18 19 20 22 23 24 25 26 | 26.9
Fighting       | 4 5 6 8 9 10 11 12 13 14 15 16 17 18 19 20 | 20.9
Armour         | 4 5 6 7 9 10 11 12 13 14 15 16 17 18 19 | 19.0
Long Blades    | 3 4 5 6 8 9 10 12 13 14 15 16 17 18 19 20 21 | 21.8
Dodging        | 1 2 3 |  3.4
Stealth        | 1 |  1.6
Maces & Flails | 1 2 3 4 |  4.6
Invocations    | 1 |  1.7
Evocations     | 1 |  1.3
Short Blades   | 1 |  1.4

Action                   |  1- 3 |  4- 6 |  7- 9 | 10-12 | 13-15 | 16-18 | 19-21 | 22-24 || total
-------------------------+-------+-------+-------+-------+-------+-------+-------+-------++-------
Melee: Long sword        |   101 |   138 |   261 |   714 |       |       |       |       ||  1214
       Headbutt          |    15 |    28 |    88 |   234 |   396 |   366 |   474 |    35 ||  1636
       Whip              |       |       |       |    24 |   166 |       |       |       ||   190
       Double sword      |       |       |       |    35 |  1223 |  1198 |  1443 |    95 ||  3994
       Scimitar          |       |       |       |       |       |   139 |       |       ||   139
       Demon blade       |       |       |       |       |       |       |    51 |       ||    51
       Short sword       |       |       |       |       |       |       |    17 |       ||    17
Invok: Heroism           |       |       |     1 |     8 |     3 |     1 |     3 |       ||    16
Evoke: Wand              |       |       |       |       |       |    17 |     3 |       ||    20
  Use: Scroll            |       |    15 |     3 |     8 |    15 |    11 |    12 |     1 ||    65
       Potion            |       |     1 |     1 |     1 |     4 |     3 |     1 |     2 ||    13
 Stab: Confused          |       |       |       |       |     1 |       |       |       ||     1
       Distracted        |       |       |       |       |       |       |     1 |       ||     1
  Eat: Chunk             |       |     6 |     8 |    20 |    29 |    40 |    35 |     3 ||   141
       Ration            |       |     1 |     1 |     2 |     2 |     1 |     3 |       ||    10
Armor: Scale mail        |    54 |    26 |       |       |       |       |       |       ||    80
       Chain mail        |       |    43 |    65 |       |       |       |       |       ||   108
       Plate armour      |       |       |    55 |   111 |       |       |       |       ||   166
       Crystal plate arm |       |       |       |   152 |   710 |   842 |   618 |    43 ||  2365
Dodge: Dodged            |    39 |    38 |    77 |   180 |   290 |   445 |   323 |    29 ||  1421
Block: Shield            |    69 |    81 |   183 |   339 |   580 |   905 |  1424 |   120 ||  3701
       Large shield      |       |       |       |   236 |  1195 |   904 |       |       ||  2335
       Reflection        |       |       |       |       |       |     2 |       |       ||     2
       Rpst.: Long sword |    13 |    12 |    22 |    38 |       |       |       |       ||    85
       Double sword      |       |       |       |     1 |    53 |    63 |    66 |     5 ||   188
       Scimitar          |       |       |       |       |       |    10 |       |       ||    10
       Demon blade       |       |       |       |       |       |       |     7 |       ||     7
